[Event "Turkish Women-ch Arzum 2022"]
[Site "Ayvalik"]
[Date "2022.03.08"]
[Round "5.13"]
[White "Demirtas, Hafize"]
[Black "Karatiken, Seray"]
[Result "1/2-1/2"]
[ECO "B52"]
[WhiteElo "1779"]
[BlackElo "1717"]
[Annotator "NA RC"]
[PlyCount "222"]
[EventDate "2022.03.04"]
[EventType "swiss"]
[EventCountry "TUR"]
[SourceTitle "playchess.com"]
[Source "ChessBase"]
[SourceQuality "1"]
[TimeControl "5400+30"]

1. e4 c5 2. Nf3 d6 3. Bb5+ Bd7 4. Bxd7+ Qxd7 5. O-O Nc6 6. c3 d5 7. exd5 Qxd5 8. d4 e6 9. Be3 cxd4 10. cxd4 Nf6 11. Nc3 Qa5 12. Qb3 Qb4 13. Qc2 Bd6 14. Bg5 Nxd4 15. Nxd4 Qxd4 16. Nb5 Qe5 17. Nxd6+ Qxd6 18. Bxf6 gxf6 19. Rfd1 Qc6 20. Qxc6+ bxc6 21. Rac1 Rc8 22. Rd6 c5 23. b4 Ke7 24. Ra6 cxb4 25. Rxa7+ Kd6 26. Rd1+ Ke5 27. Rxf7 Ra8 28. Rd2 b3 29. f4+ Kxf4 30. axb3 Ke3 31. Rd1 Ke2 32. Rb1 f5 33. Rf6 Ra6 34. Rh6 Rb8 35. Rh3 Rd6 36. Rb2+ Rd2 37. Rxd2+ Kxd2 38. Rxh7 Rxb3 39. Kf2 Rb4 40. Rd7+ Kc3 41. Ke3 Re4+ 42. Kf3 Rd4 43. Rc7+ Kd3 44. Ra7 Rh4 45. Ra3+ Kd2 46. g3 Rc4 47. Re3 Rc6 48. h4 Rd6 49. Kf2 Rc6 50. Re5 Kd3 51. Kf3 Kd4 52. Kf4 Rc1 53. Rxe6 Rf1+ 54. Kg5 Rf3 55. h5 Rxg3+ 56. Kxf5 Rh3 57. Kg6 Kd5 58. Re1 Rg3+ 59. Kh7 Kd6 60. Kh6 Rg4 61. Re2 Rg3 62. Kh7 Kd7 63. h6 Rg5 64. Kh8 Rg4 65. Re3 Rg5 66. Re4 Rg3 67. Ra4 Ke7 68. Ra7+ Kf8 69. Rg7 Rh3 70. Kh7 Rh1 71. Rg5 Rf1 72. Rg8+ Kf7 73. Ra8 Rg1 74. Ra6 Rg3 75. Ra7+ Kf8 76. Rg7 Rh3 77. Rg5 Kf7 78. Rf5+ Ke6 79. Rf4 Rg3 80. Rf8 Ke7 81. Rg8 Rh3 82. Rg4 Kf7 83. Rf4+ Ke7 84. Kg6 Rg3+ 85. Kh5 Rh3+ 86. Kg5 Rg3+ 87. Kh4 Rg1 88. Rf3 Rh1+ 89. Kg5 Rg1+ 90. Kh5 Rh1+ 91. Kg6 Rg1+ 92. Kh7 Rg2 93. Kh8 Rg1 94. Rb3 Kf7 95. Rb7+ Kf8 96. Kh7 Rg2 97. Rc7 Rg1 98. Rg7 Rh1 99. Rg4 Kf7 100. Rf4+ Ke7 101. Kg7 Rg1+ 102. Kh8 Rg2 103. Ra4 Kf8 104. Ra8+ Kf7 105. h7 Rg3 106. Rg8 Rf3 107. Rb8 Rf2 108. Rb7+ Kf8 109. Rg7 Rf3 110. Rg5 Rf2 111. Rf5+ Rxf5 1/2-1/2

[Event "Turkish Women-ch Arzum 2022"]
[Site "Ayvalik"]
[Date "2022.03.08"]
[Round "5.14"]
[White "Can, Isil"]
[Black "Kucuk, Aybike"]
[Result "1/2-1/2"]
[ECO "B41"]
[WhiteElo "1875"]
[BlackElo "1439"]
[Annotator "NA"]
[PlyCount "110"]
[EventDate "2022.03.04"]
[EventType "swiss"]
[EventCountry "TUR"]
[SourceTitle "playchess.com"]
[Source "ChessBase"]
[SourceQuality "1"]
[TimeControl "5400+30"]

1. e4 c5 2. Nf3 e6 3. d4 cxd4 4. Nxd4 a6 5. c4 Nf6 6. Nc3 Qc7 7. Be2 Be7 8. f4 d6 9. Be3 b6 10. O-O Bb7 11. Qd3 O-O 12. a3 Nc6 13. b3 Rfd8 14. Bf3 {[%emt 0:04:30] [#]} (14. Rac1 $14) 14... Rac8 ({Black should play} 14... Ne5 $1 15. Qe2 (15. fxe5 dxe5 16. Nxe6 fxe6 $15) (15. Qd2 Nfg4) 15... Nxf3+ 16. gxf3 b5) 15. Nce2 {[%emt 0:09:30] [#]} (15. Nde2 $14 {stays ahead.}) 15... Nd7 (15... Ne5 $1 $17 16. Qb1 (16. fxe5 $2 dxe5 17. Bg5 Rd7 $17) 16... Nxf3+ 17. gxf3 g6) 16. Rac1 Qb8 17. b4 Qa8 18. Rfd1 Nxd4 19. Bxd4 {[%emt 0:00:30] [#]} Nc5 20. Qc3 $1 ({Worse is} 20. bxc5 dxc5 21. Rb1 Qa7 $17) 20... Na4 (20... Nxe4 $14 {should be considered.} 21. Bxe4 Bxe4) 21. Qe3 (21. Qb3 $5 b5 22. Ng3 $14) 21... b5 22. cxb5 axb5 23. Ng3 Rxc1 $1 24. Rxc1 Rc8 25. Be2 Rxc1+ 26. Qxc1 Bc6 27. Qe3 f6 (27... Qd8 $11 {keeps the balance.}) 28. Qb3 d5 {[%emt 0:04:04] [#]} 29. Bg4 $1 Kf7 30. f5 (30. Ne2 $18) 30... e5 {[%emt 0:02:37] [#]} 31. Bf3 $1 Bd6 (31... Bd7 $142 32. exd5 Bd6) 32. exd5 Bb7 {[%emt 0:00:00] [#]} 33. Be3 (33. Ne4 $142 $1 Qf8 34. Be3) 33... Qd8 (33... Ke7 {keeps fighting.} 34. Qd3 Qc8) 34. Ne4 Ke7 35. Nc5 Qc7 36. Nxa4 bxa4 37. Qxa4 Qc3 $18 38. Kf2 Qb2+ 39. Be2 Qb1 40. g4 Qh1 41. Bf3 Qxh2+ 42. Ke1 Qg3+ 43. Ke2 e4 44. Bxe4 Qxg4+ 45. Kd3 Qh3 46. Qd1 Ba6+ 47. Kd2 Qh2+ 48. Kc1 Qa2 49. Qa4 Qa1+ 50. Kd2 Qf1 51. Qb3 Qe2+ 52. Kc1 Qe1+ 53. Kc2 Qe2+ 54. Kb1 Qe1+ 55. Kc2 Qe2+ 1/2-1/2

[Event "Turkish Women-ch Arzum 2022"]
[Site "Ayvalik"]
[Date "2022.03.08"]
[Round "5.15"]
[White "Gur, Tuba"]
[Black "Zengin, Ovgu"]
[Result "0-1"]
[ECO "D05"]
[WhiteElo "1750"]
[BlackElo "1475"]
[Annotator "NA"]
[PlyCount "94"]
[EventDate "2022.03.04"]
[EventType "swiss"]
[EventCountry "TUR"]
[SourceTitle "playchess.com"]
[Source "ChessBase"]
[SourceQuality "1"]
[TimeControl "5400+30"]

1. d4 d5 2. Nf3 Nf6 3. e3 e6 4. Bd3 Be7 5. b3 c5 6. Bb2 b6 7. O-O O-O 8. Nbd2 Ba6 9. c4 Nc6 10. Ne5 Nxe5 11. dxe5 Nd7 12. Qc2 h6 13. cxd5 Bxd3 14. Qxd3 exd5 15. Nf3 c4 16. bxc4 dxc4 17. Qxc4 Rc8 18. Qg4 Nc5 19. Nd4 Kh8 20. Rfd1 Qc7 21. Nf5 Ne6 22. Rac1 Qb7 23. Nd6 Bxd6 24. exd6 Rxc1 25. Rxc1 Qd5 26. Rd1 Qxa2 27. Be5 Qc2 28. f4 f6 29. Ba1 Qb3 30. Qe2 Nc5 31. Bd4 Ne4 32. Ra1 Nxd6 33. Rxa7 Nb5 34. Rd7 Rc8 35. Qg4 Qb1+ 36. Kf2 Rg8 37. Bxb6 Nc3 38. Qe6 Qc2+ 39. Kf3 Qe2+ 40. Kg3 Qe1+ 41. Kh3 Ne2 42. Bc7 Ng1+ 43. Kg4 Qe2+ 44. Kg3 h5 45. h4 Qe1+ 46. Kh2 Ne2 47. f5 Qxh4# 0-1

[Event "Turkish Women-ch Arzum 2022"]
[Site "Ayvalik"]
[Date "2022.03.08"]
[Round "5.16"]
[White "Susin, Derya Defne"]
[Black "Incecik, Seyma Zeynep"]
[Result "0-1"]
[ECO "D43"]
[WhiteElo "1285"]
[BlackElo "1777"]
[Annotator "NA RC"]
[PlyCount "62"]
[EventDate "2022.03.04"]
[EventType "swiss"]
[EventCountry "TUR"]
[SourceTitle "playchess.com"]
[Source "ChessBase"]
[SourceQuality "1"]
[TimeControl "5400+30"]

1. d4 d5 2. c4 e6 3. Nc3 Nf6 4. Nf3 c6 5. Bf4 dxc4 6. e3 b5 7. Qc2 Bb4 8. Be2 Nd5 9. Bxb8 Rxb8 10. O-O Bb7 11. Ne5 Bd6 12. e4 Nb4 13. Qc1 Qc7 14. f4 f6 15. a3 Na6 16. Ng4 h5 17. Ne5 fxe5 18. fxe5 Bxe5 19. dxe5 Qxe5 20. a4 Nc5 21. Qe3 Nd7 22. axb5 cxb5 23. Rxa7 Nf6 24. Re1 O-O 25. Ra5 Nd5 26. Qc5 Rfc8 27. Qxb5 Qd4+ 28. Kh1 Nxc3 29. bxc3 Qf2 30. Rb1 Bxe4 31. Qxb8 Qxg2# 0-1

[Event "Turkish Women-ch Arzum 2022"]
[Site "Ayvalik"]
[Date "2022.03.08"]
[Round "5.17"]
[White "Akin, Duru"]
[Black "Tanir, Simay"]
[Result "1-0"]
[ECO "C03"]
[WhiteElo "1563"]
[BlackElo "1510"]
[Annotator "NA"]
[PlyCount "93"]
[EventDate "2022.03.04"]
[EventType "swiss"]
[EventCountry "TUR"]
[SourceTitle "playchess.com"]
[Source "ChessBase"]
[SourceQuality "1"]
[TimeControl "5400+30"]

1. e4 e6 2. d4 d5 3. Nd2 Be7 4. Ngf3 Nf6 5. e5 Nfd7 6. Bd3 c5 7. c3 b6 8. Qe2 a5 9. O-O Ba6 10. c4 Nc6 11. cxd5 Bxd3 12. Qxd3 exd5 13. e6 fxe6 14. Qb5 Qc7 15. Re1 O-O 16. Rxe6 Bd6 17. Nf1 Rae8 18. Rxe8 Rxe8 19. Bg5 Na7 20. Qd3 cxd4 21. Qxd4 Qc4 22. Qxc4 dxc4 23. Rd1 Re6 24. Ne3 h6 25. Nxc4 Nc8 26. Be3 Kf7 27. Nd4 Rf6 28. Nb5 Ke7 29. Nc3 Re6 30. Nd5+ Kf7 31. Ndxb6 Ndxb6 32. Bxb6 Nxb6 33. Nxd6+ Kf6 34. h3 Re2 35. Nb5 Nc4 36. b3 Ne5 37. a4 Rb2 38. Nd4 g5 39. g4 Nd7 40. Rc1 Ne5 41. Rd1 Nd7 42. Nc6 Nc5 43. Nxa5 Nxb3 44. Rd6+ Kg7 45. Rb6 Ra2 46. Nxb3 Rxa4 47. Kg2 1-0

[Event "Turkish Women-ch Arzum 2022"]
[Site "Ayvalik"]
[Date "2022.03.08"]
[Round "5.18"]
[White "Yilmaz, Gokcen"]
[Black "Gulceken, Sumeyye"]
[Result "1-0"]
[ECO "B27"]
[WhiteElo "1647"]
[BlackElo "1591"]
[Annotator "NA RC"]
[PlyCount "63"]
[EventDate "2022.03.04"]
[EventType "swiss"]
[EventCountry "TUR"]
[SourceTitle "playchess.com"]
[Source "ChessBase"]
[SourceQuality "1"]
[TimeControl "5400+30"]

1. e4 g6 2. d4 Bg7 3. Nf3 c5 4. Nc3 d6 5. Be3 Qa5 6. Qd2 Bg4 7. Nd5 Qxd2+ 8. Bxd2 Bxf3 9. gxf3 Kd8 10. dxc5 dxc5 11. O-O-O Kc8 12. Bf4 Nc6 13. Nc7 e5 14. Nxa8 exf4 15. Bh3+ Kb8 16. Rd7 Kxa8 17. Rxf7 Be5 18. Rf8+ Nb8 19. Re8 Bg7 20. Rd1 Nh6 21. Rxh8 Bxh8 22. Rd8 Bf6 23. Re8 a5 24. e5 Bg5 25. e6 Ka7 26. e7 Bxe7 27. Rxe7 Nc6 28. Rxh7 Ng8 29. Rg7 Nge7 30. Bd7 Nf5 31. Bxf5 gxf5 32. h4 1-0

[Event "Turkish Women-ch Arzum 2022"]
[Site "Ayvalik"]
[Date "2022.03.08"]
[Round "5.19"]
[White "Yurdakul, Didem Nuray"]
[Black "Olmez, Sude"]
[Result "1-0"]
[ECO "C44"]
[WhiteElo "1804"]
[BlackElo "1170"]
[Annotator "NA RC"]
[PlyCount "65"]
[EventDate "2022.03.04"]
[EventType "swiss"]
[EventCountry "TUR"]
[SourceTitle "playchess.com"]
[Source "ChessBase"]
[SourceQuality "1"]
[TimeControl "5400+30"]

1. e4 e5 2. Nf3 Nc6 3. d4 exd4 4. Bc4 Bb4+ 5. c3 dxc3 6. O-O h6 {[%emt 0:09:30] 6...Nf6 gains popularity.} (6... Nf6 $11) 7. a3 ({Reject} 7. bxc3 Ba5 $11) 7... Ba5 {[%emt 0:07:30] [#]} (7... Bd6 $142) 8. b4 $1 ({Of course not} 8. Nxc3 $6 Bxc3 9. bxc3 d6 $11) ({And not} 8. bxc3 Nge7 $17) 8... Bb6 {[%emt 0:00:00] [#]} 9. Nxc3 (9. Qb3 $1 $18) 9... Nge7 $1 10. Bb2 {[%emt 0:05:30] [#]} d6 $146 ({Predecessor:} 10... O-O 11. Qb3 Nd4 12. Nxd4 Bxd4 13. Rad1 Bxc3 14. Qxc3 {1-0 (14) Bauer,M-Fischer,W (2255) Germany 1998}) 11. Nd5 Rg8 $2 (11... Nxd5 $1 $14 12. exd5 Ne5) 12. Nf4 Kf8 13. Qb3 Qe8 14. a4 a6 15. h3 Rh8 16. a5 Ba7 17. e5 d5 18. Nxd5 Nxd5 19. Bxd5 Be6 20. Rad1 Bxd5 21. Rxd5 Qe6 22. Rfd1 g6 23. b5 (23. R1d3 $18) 23... axb5 24. Qxb5 Kg7 {[%emt 0:00:22] [#]} 25. Bc3 ({Wrong is} 25. Qxb7 $2 Rhb8 26. Qxc7 Rxb2 $19) (25. Rc1 $1 $16) 25... Rab8 26. Nd2 Rhd8 {[%emt 0:02:10] [#]} 27. Ne4 $1 Rxd5 28. Rxd5 b6 $2 (28... Rd8 $16 29. Rxd8 Nxd8) 29. a6 Rc8 30. Qd3 (30. Rd3 $142) 30... Nb8 $2 (30... b5 31. Rxb5 (31. Qxb5 Rb8 $16) 31... Rd8) 31. Rd8 Rxd8 $18 32. Qxd8 Qd7 33. e6+ 1-0

[Event "Turkish Women-ch Arzum 2022"]
[Site "Ayvalik"]
[Date "2022.03.08"]
[Round "5.20"]
[White "Salt, Ilayda"]
[Black "Yazici, Zumral"]
[Result "1-0"]
[ECO "D26"]
[WhiteElo "1594"]
[BlackElo "1229"]
[Annotator "NA RC"]
[PlyCount "61"]
[EventDate "2022.03.04"]
[EventType "swiss"]
[EventCountry "TUR"]
[SourceTitle "playchess.com"]
[Source "ChessBase"]
[SourceQuality "1"]
[TimeControl "5400+30"]

1. d4 d5 2. c4 e6 3. Nf3 a6 4. e3 Nf6 5. Nc3 dxc4 6. Bxc4 b5 7. Bd3 Bb7 8. O-O Be7 9. Qe2 O-O 10. e4 c5 11. dxc5 Bxc5 12. Bg5 Be7 13. Rfd1 Nbd7 14. Rac1 Ng4 15. Bxe7 Qxe7 16. Bb1 Nc5 17. h3 Nf6 18. e5 Nd5 19. Nxd5 exd5 20. Nd4 g6 21. Qg4 Ne4 22. f3 h5 23. Qf4 Ng5 24. Qg3 Ne6 25. Nf5 Qd7 26. Nd6 Bc6 27. f4 Nc7 28. f5 Kh8 29. fxg6 Rg8 30. Qg5 fxg6 31. Qh6+ 1-0

[Event "Turkish Women-ch Arzum 2022"]
[Site "Ayvalik"]
[Date "2022.03.08"]
[Round "5.21"]
[White "Akar, Nilay"]
[Black "Oztatar, Meleknaz"]
[Result "1/2-1/2"]
[ECO "B01"]
[WhiteElo "1516"]
[BlackElo "1063"]
[Annotator "NA RC"]
[PlyCount "39"]
[EventDate "2022.03.04"]
[EventType "swiss"]
[EventCountry "TUR"]
[SourceTitle "playchess.com"]
[Source "ChessBase"]
[SourceQuality "1"]
[TimeControl "5400+30"]

1. e4 d5 2. exd5 Qxd5 3. Nc3 Qa5 4. d4 Nf6 5. Nf3 Bf5 6. Ne5 c6 7. g4 Be6 8. Bd2 Qd8 9. Be3 Nbd7 10. g5 Nd5 11. Qd2 Nxc3 12. Qxc3 Bd5 13. Rg1 e6 14. Bg2 a5 15. a3 Bd6 16. h4 Bxe5 17. dxe5 b5 18. Bxd5 cxd5 19. Qd4 Qc7 20. f4 1/2-1/2

[Event "Turkish Women-ch Arzum 2022"]
[Site "Ayvalik"]
[Date "2022.03.08"]
[Round "5.22"]
[White "Mullakutukcu, Ela"]
[Black "Aydogan, Arya"]
[Result "1/2-1/2"]
[ECO "D00"]
[WhiteElo "1154"]
[BlackElo "1328"]
[Annotator "NA"]
[PlyCount "101"]
[EventDate "2022.03.04"]
[EventType "swiss"]
[EventCountry "TUR"]
[SourceTitle "playchess.com"]
[Source "ChessBase"]
[SourceQuality "1"]
[TimeControl "5400+30"]

1. d4 d5 2. Bf4 Bf5 3. e3 e6 4. c4 dxc4 5. Bxc4 c6 6. Qb3 Qb6 7. Nd2 Nf6 8. Ngf3 Nbd7 9. O-O Qxb3 10. Bxb3 Be7 11. Nc4 O-O-O 12. Nd6+ Bxd6 13. Bxd6 Ne4 14. Bb4 Rhe8 15. Ba5 b6 16. Bb4 c5 17. Rac1 Kb7 18. Ba3 h6 19. Ba4 Rg8 20. Bxd7 Rxd7 21. dxc5 bxc5 22. Bxc5 Nd2 23. Nxd2 Rxd2 24. Bd4 f6 25. Rfd1 Rxd1+ 26. Rxd1 Rd8 27. Rc1 e5 28. Bc3 Be6 29. a3 g6 30. h3 a6 31. Bb4 f5 32. Bc3 e4 33. Bd4 Rd7 34. Rc3 Rc7 35. Rxc7+ Kxc7 36. Kh2 Bc4 37. g4 fxg4 38. hxg4 Be2 39. Kg3 h5 40. gxh5 gxh5 41. Kh4 Bf3 42. Kg5 Kc6 43. Bf6 Kd5 44. Kf4 Be2 45. Kg5 Bf3 46. Kf4 Be2 47. Be7 Bf3 48. Kf5 Bg4+ 49. Kf4 Bf3 50. Bf6 Be2 51. Bg7 1/2-1/2

[Event "Turkish Women-ch Arzum 2022"]
[Site "Ayvalik"]
[Date "2022.03.08"]
[Round "5.23"]
[White "Turunz, Dilek"]
[Black "Dal, Nurseda"]
[Result "0-1"]
[ECO "C56"]
[WhiteElo "1443"]
[BlackElo "1116"]
[Annotator "NA RC"]
[PlyCount "86"]
[EventDate "2022.03.04"]
[EventType "swiss"]
[EventCountry "TUR"]
[SourceTitle "playchess.com"]
[Source "ChessBase"]
[SourceQuality "1"]
[TimeControl "5400+30"]

1. e4 e5 2. Nf3 Nc6 3. d4 exd4 4. Bc4 Nf6 5. e5 d5 6. Bb5 Ne4 7. Nxd4 Bd7 8. Bxc6 bxc6 9. O-O Bc5 10. f3 Ng5 11. f4 Ne4 12. Be3 Bb6 13. Qf3 O-O 14. Nb3 Bg4 15. Qxg4 Bxe3+ 16. Kh1 Nf2+ 17. Rxf2 Bxf2 18. N1d2 Qh4 19. Qf3 Bb6 20. Rf1 Rae8 21. a4 a5 22. Qc3 Re6 23. f5 Rh6 24. h3 Qxa4 25. f6 gxf6 26. exf6 Rg6 27. g3 Kh8 28. Rf4 Qb5 29. Qf3 a4 30. Nd4 Bxd4 31. Rxd4 Qxb2 32. Rxa4 Qxc2 33. Rd4 Qc1+ 34. Kg2 Qe1 35. h4 Rfg8 36. Nf1 Qe6 37. Rf4 Rg4 38. Ne3 Rxg3+ 39. Qxg3 Rxg3+ 40. Kxg3 Qxe3+ 41. Rf3 Qe5+ 42. Kf2 Qh2+ 43. Ke3 Qxh4 0-1

[Event "Turkish Women-ch Arzum 2022"]
[Site "Ayvalik"]
[Date "2022.03.08"]
[Round "5.24"]
[White "Bassari, Senem Gul"]
[Black "Ozer, Melike Busra"]
[Result "0-1"]
[ECO "C02"]
[WhiteElo "1197"]
[BlackElo "1300"]
[Annotator "NA RC"]
[PlyCount "178"]
[EventDate "2022.03.04"]
[EventType "swiss"]
[EventCountry "TUR"]
[SourceTitle "playchess.com"]
[Source "ChessBase"]
[SourceQuality "1"]
[TimeControl "5400+30"]

1. e4 c5 2. c3 e6 3. d4 cxd4 4. cxd4 d5 5. e5 Nc6 6. Nf3 Nge7 7. Na3 Nf5 8. Nc2 Qb6 9. Bd3 Bb4+ 10. Nxb4 Qxb4+ 11. Bd2 Qxb2 12. O-O Nfxd4 13. Nxd4 Qxd4 14. Be3 Qxe5 15. Qg4 O-O 16. Rac1 f5 17. Qh4 Qf6 18. Qa4 d4 19. Bd2 e5 20. Qb3+ Kh8 21. f3 Rb8 22. Bc4 Bd7 23. Rce1 Rfe8 24. Bd3 Be6 25. Qb1 Qf7 26. a3 Rbc8 27. Rc1 Rc7 28. Rc2 Rec8 29. Rfc1 Bd5 30. Rb2 g6 31. Re1 Qe7 32. Bf4 Qxa3 33. Bg3 Qe7 34. Rbe2 f4 35. Bf2 Qa3 36. Rb2 Na5 37. Rbe2 Rc1 38. Qb5 R1c5 39. Qb1 Bc4 40. Bxc4 Nxc4 41. Qxb7 R5c7 42. Qd5 d3 43. Bh4 Qd6 44. Qxd6 Nxd6 45. Rd2 Rc1 46. Rxd3 Rxe1+ 47. Bxe1 Rc1 48. Kf2 Nc4 49. Rd8+ Kg7 50. Rc8 Rc2+ 51. Kg1 Ne3 52. Rxc2 Nxc2 53. Bc3 Nd4 54. Kf2 Kf6 55. Ke1 Ke6 56. Kd2 Kd5 57. Kd3 a6 58. Bb4 Nf5 59. Be1 g5 60. g4 fxg3 61. hxg3 Nd4 62. f4 gxf4 63. gxf4 exf4 64. Bd2 f3 65. Ke3 Kc4 66. Ba5 Nb3 67. Bd8 a5 68. Bxa5 Nxa5 69. Kxf3 Nc6 70. Kf4 Ne7 71. Kg5 Ng8 72. Kf5 Kd5 73. Kg5 Ke5 74. Kh5 Kf5 75. Kh4 Nf6 76. Kg3 Kg5 77. Kf3 Nd5 78. Kg3 h6 79. Kh3 Nf4+ 80. Kg3 Ne2+ 81. Kh3 h5 82. Kg2 Kg4 83. Kh2 h4 84. Kg2 Nd4 85. Kh2 Nf5 86. Kg2 Ne3+ 87. Kh2 h3 88. Kg1 Kg3 89. Kh1 Nd1 0-1

[Event "Turkish Women-ch Arzum 2022"]
[Site "Ayvalik"]
[Date "2022.03.08"]
[Round "5.25"]
[White "Sahin, Cagla Yudum"]
[Black "Gedik, Eylul Ceren"]
[Result "1/2-1/2"]
[ECO "B23"]
[WhiteElo "1162"]
[BlackElo "1282"]
[Annotator "NA"]
[PlyCount "145"]
[EventDate "2022.03.04"]
[EventType "swiss"]
[EventCountry "TUR"]
[SourceTitle "playchess.com"]
[Source "ChessBase"]
[SourceQuality "1"]
[TimeControl "5400+30"]

1. e4 c5 2. Nc3 Nc6 3. Bb5 Nd4 4. Nf3 a6 5. Bd3 b5 6. Nxd4 cxd4 7. Ne2 e5 8. c3 dxc3 9. dxc3 Bb7 10. O-O d5 11. Ng3 Bc5 12. Qg4 g6 13. Rd1 Qb6 14. Qe2 d4 15. c4 b4 16. Qg4 Nf6 17. Qg5 Nd7 18. Qh6 Bf8 19. Qh4 Nc5 20. Bh6 Be7 21. Qg4 f6 22. h4 Qc6 23. Qf3 Rg8 24. Bd2 f5 25. Re1 Nxd3 26. Qxd3 f4 27. Ne2 a5 28. a3 bxa3 29. bxa3 Bxh4 30. Rab1 Ba6 31. Qh3 Bf6 32. Qxh7 Rg7 33. Rb6 Qxb6 34. Qh8+ Kf7 35. Qxa8 Bxc4 36. Qc8 Be6 37. Qc2 Bh4 38. Qd3 Kf6 39. Rb1 Qc6 40. Rc1 Qa4 41. g3 Bg5 42. gxf4 exf4 43. Nxf4 Bxf4 44. Bxf4 Rd7 45. Qf3 Qb3 46. Qg2 Qxa3 47. Qg5+ Kf7 48. Be5 Qe7 49. Qh6 Qf8 50. Qh7+ Ke8 51. Qxg6+ Qf7 52. Rc8+ Rd8 53. Rxd8+ Kxd8 54. Qxf7 Bxf7 55. Bxd4 Kd7 56. f4 a4 57. Bb2 Kd6 58. Ba3+ Ke6 59. Kf2 Be8 60. Ke3 Bb5 61. Kd4 Bc6 62. f5+ Kf6 63. Ke3 Bd7 64. Kf4 Bc8 65. e5+ Kf7 66. Kg5 Bd7 67. f6 Be6 68. Kf4 Bd5 69. Kf5 Be6+ 70. Ke4 Bb3 71. Kd4 Be6 72. Kc5 Ba2 73. Kd4 1/2-1/2

[Event "Turkish Women-ch Arzum 2022"]
[Site "Ayvalik"]
[Date "2022.03.08"]
[Round "5.26"]
[White "Guleryuz, Zeynep"]
[Black "Gonultas, Bakriya Anastasiya"]
[Result "0-1"]
[ECO "C54"]
[WhiteElo "1186"]
[BlackElo "1232"]
[Annotator "NA RC"]
[PlyCount "102"]
[EventDate "2022.03.04"]
[EventType "swiss"]
[EventCountry "TUR"]
[SourceTitle "playchess.com"]
[Source "ChessBase"]
[SourceQuality "1"]
[TimeControl "5400+30"]

1. e4 e5 2. Nf3 Nc6 3. Bc4 Nf6 4. d3 Bc5 5. c3 O-O 6. O-O a6 7. Bb3 d6 8. h3 Ne7 9. Re1 Ng6 10. Nbd2 Nh5 11. d4 exd4 12. cxd4 Bb4 13. a3 Ba5 14. Bc2 Nhf4 15. b4 Bb6 16. Nf1 h6 17. Ng3 Re8 18. Bb2 Nh4 19. Nf5 Nhxg2 20. Bc1 Bxf5 21. Bxf4 Bxh3 22. Bg3 Nxe1 23. Nxe1 d5 24. e5 Qg5 25. Qd3 g6 26. f4 Qg4 27. Bd1 Qf5 28. Rc1 Qe6 29. Bf2 a5 30. Kh2 Bf5 31. Qg3 axb4 32. axb4 Ra2 33. Qh4 Bxd4 34. Qxh6 Rxf2+ 35. Kg3 Rf1 36. Nf3 Bb6 37. Ng5 Rg1+ 38. Kh2 Rxg5 39. Qxg5 Be4 40. Qh6 Qf5 41. Rc3 Ra8 42. Bb3 Qh5+ 43. Qxh5 gxh5 44. Rc1 Ra3 45. Bd1 h4 46. Bg4 f5 47. Bh5 Rb3 48. e6 Kf8 49. Ra1 Ke7 50. Bf7 Be3 51. Kh3 Bd4+ 0-1

[Event "Turkish Women-ch Arzum 2022"]
[Site "Ayvalik"]
[Date "2022.03.08"]
[Round "5.27"]
[White "Bodur, Ilke Lal"]
[Black "Karatiken, Beray"]
[Result "0-1"]
[ECO "B22"]
[WhiteElo "1151"]
[BlackElo "1380"]
[Annotator "NA RC"]
[PlyCount "96"]
[EventDate "2022.03.04"]
[EventType "swiss"]
[EventCountry "TUR"]
[SourceTitle "playchess.com"]
[Source "ChessBase"]
[SourceQuality "1"]
[TimeControl "5400+30"]

1. e4 c5 2. c3 e6 3. Nf3 Nc6 4. d4 d5 5. exd5 exd5 6. Be2 Nf6 7. O-O Be7 8. Be3 cxd4 9. cxd4 O-O 10. Nc3 Bf5 11. a3 Rc8 12. Rc1 Ne4 13. Nxe4 dxe4 14. Ne5 Nxe5 15. dxe5 b6 16. Qxd8 Rfxd8 17. h3 Bc5 18. Bxc5 Rxc5 19. Rxc5 bxc5 20. Rd1 Rxd1+ 21. Bxd1 Kf8 22. Kf1 Ke7 23. Bb3 Be6 24. Bc2 Bd5 25. Ke2 Ke6 26. f4 exf3+ 27. gxf3 Kxe5 28. Bxh7 g6 29. h4 Kf6 30. h5 Kg7 31. hxg6 fxg6 32. Bxg6 Kxg6 33. Ke3 a5 34. Kd3 Bb3 35. a4 Kf5 36. Kc3 c4 37. Kd4 Kf4 38. Kc5 Kxf3 39. Kb5 Ke2 40. Kxa5 Kd2 41. Kb4 Kc2 42. Ka3 Bxa4 43. Ka2 Be8 44. Ka1 Bf7 45. b3 c3 46. b4 Kd2 47. b5 c2 48. b6 c1=Q# 0-1

[Event "Turkish Women-ch Arzum 2022"]
[Site "Ayvalik"]
[Date "2022.03.08"]
[Round "5.28"]
[White "Engel, Ecrin Tuana"]
[Black "Buyuk, Elvin Esma"]
[Result "1/2-1/2"]
[ECO "C01"]
[WhiteElo "1250"]
[BlackElo "1326"]
[Annotator "NA RC"]
[PlyCount "57"]
[EventDate "2022.03.04"]
[EventType "swiss"]
[EventCountry "TUR"]
[SourceTitle "playchess.com"]
[Source "ChessBase"]
[SourceQuality "1"]
[TimeControl "5400+30"]

1. e4 Nc6 2. Nf3 e6 3. d4 Nf6 4. e5 Nd5 5. c4 Nb6 6. Nc3 d5 7. c5 Nd7 8. Bb5 Ne7 9. O-O c6 10. Ba4 h6 11. Ne1 b5 12. Bc2 g6 13. Bd3 Bg7 14. Nc2 a5 15. a3 O-O 16. Bd2 Kh7 17. f4 f5 18. Qf3 Ba6 19. b4 a4 20. Kh1 Kg8 21. Rg1 Kf7 22. g4 Qc7 23. gxf5 exf5 24. Ne3 Ke8 25. Ng2 Rg8 26. Nh4 Nf8 27. Rg3 Bc8 28. Rag1 Be6 29. Qf2 1/2-1/2

[Event "Turkish Women-ch Arzum 2022"]
[Site "Ayvalik"]
[Date "2022.03.08"]
[Round "5.29"]
[White "Bursali, Ela"]
[Black "Aksoy, Duru"]
[Result "1-0"]
[ECO "B23"]
[WhiteElo "1353"]
[BlackElo "1223"]
[Annotator "NA RC"]
[PlyCount "117"]
[EventDate "2022.03.04"]
[EventType "swiss"]
[EventCountry "TUR"]
[SourceTitle "playchess.com"]
[Source "ChessBase"]
[SourceQuality "1"]
[TimeControl "5400+30"]

1. e4 c5 2. Nc3 d6 3. f4 Nc6 4. Nf3 g6 5. Bc4 Bg7 6. O-O Nf6 7. Qe1 O-O 8. d3 Bg4 9. Ng5 h6 10. Nxf7 Rxf7 11. Bxf7+ Kxf7 12. h3 Bc8 13. Be3 b6 14. Qh4 Bb7 15. a3 Qd7 16. f5 g5 17. Qg3 Rc8 18. Ne2 Ne5 19. h4 Nh5 20. Qe1 g4 21. Nf4 Nf6 22. Ne6 d5 23. Bf4 Nc6 24. e5 Nh5 25. Nxc5 Qe8 26. Nxb7 Nxf4 27. Rxf4 Rb8 28. Rxg4 Rxb7 29. d4 Qf8 30. Qg3 h5 31. Rf4 Nd8 32. Qg6+ Kg8 33. Raf1 Kh8 34. Qxh5+ Kg8 35. Qg6 Kh8 36. g4 Nf7 37. Qh5+ Kg8 38. g5 Nh8 39. f6 exf6 40. exf6 Rf7 41. fxg7 Qxg7 42. Rxf7 Nxf7 43. Qxf7+ Qxf7 44. Rxf7 Kxf7 45. h5 a5 46. a4 Kg7 47. Kf2 Kh7 48. Kf3 Kg7 49. Kf4 Kh7 50. Kf5 Kg7 51. h6+ Kh7 52. Kf6 Kh8 53. g6 Kg8 54. h7+ Kh8 55. c3 b5 56. axb5 a4 57. b6 a3 58. b7 axb2 59. b8=Q# 1-0

[Event "Turkish Women-ch Arzum 2022"]
[Site "Ayvalik"]
[Date "2022.03.08"]
[Round "5.31"]
[White "Ozturk, Busra"]
[Black "Kalyoncu, Beren"]
[Result "1-0"]
[ECO "B27"]
[WhiteElo "1100"]
[BlackElo "1228"]
[Annotator "NA RC"]
[PlyCount "73"]
[EventDate "2022.03.04"]
[EventType "swiss"]
[EventCountry "TUR"]
[SourceTitle "playchess.com"]
[Source "ChessBase"]
[SourceQuality "1"]
[TimeControl "5400+30"]

1. e4 c5 2. Nf3 g6 3. Bc4 Bg7 4. O-O d6 5. c3 Nc6 6. a3 e6 7. b4 Nge7 8. d4 d5 9. exd5 exd5 10. Bb3 cxd4 11. Nxd4 Nxd4 12. cxd4 O-O 13. Nc3 Be6 14. Re1 Nf5 15. Ne2 Rc8 16. Bb2 Qd6 17. Qd3 Rc7 18. Qf3 Rd8 19. h3 Qb6 20. Qf4 Rdc8 21. Qf3 Nxd4 22. Nxd4 Bxd4 23. Bxd4 Qxd4 24. Rad1 Qc3 25. Re3 Qc6 26. Bxd5 Bxd5 27. Rxd5 Qc2 28. Rde5 Qc6 29. Qe2 Qc1+ 30. Kh2 Rc3 31. Re8+ Rxe8 32. Rxe8+ Kg7 33. Qe5+ Kh6 34. Re7 f5 35. f4 Rxh3+ 36. Kxh3 Qxa3+ 37. g3 1-0